 Dungeon Crawl Stone Soup version 0.19-a0-1899-g2d93087 (webtiles) character file.

55818 suicidejoker the Unseen (level 14, -22/95 HPs)
             Began as a Vampire Enchanter on Oct 19, 2016.
             Was a High Priest of Makhleb.
             Annihilated by an orc warrior
             ... wielding a +0 trident
             ... led by an orc warlord
              (24 damage)
             ... on level 2 of the Orcish Mines on Oct 20, 2016.
             The game lasted 02:08:15 (24192 turns).

suicidejoker the Unseen (Vampire Enchanter)        Turns: 24192, Time: 02:08:16

Health: -22/95     AC:  9    Str: 11    XL:     14   Next: 39%
Magic:  0/26       EV: 18    Int: 18    God:    Makhleb [*****.]
Gold:   1226       SH:  0    Dex: 22    Spells: 5 memorised, 17 levels left

rFire  . . .     SeeInvis +     J - +7 dagger of Dismemberment {pierce, +Rage rC- Dex+4}
rCold  . . .     Gourm    .     P - +2 robe {MR+}
rNeg   + + .     Faith    .     (no shield)
rPois  +         Spirit   +     Z - +2 hat {Spirit}
rElec  .         Reflect  .     (no cloak)
rCorr  .         Harm     .     (no gloves)
MR     +++..                    o - +2 pair of boots
Stlth  ++++++++..               n - amulet of guardian spirit
                                z - +3 ring of dexterity
                                H - ring of protection from magic

@: regenerating slowly
A: fangs 3, see invisible, unbreathing
a: Bat Form, Minor Destruction, Lesser Servant of Makhleb, Major Destruction,
Greater Servant of Makhleb, Renounce Religion, Evoke Berserk Rage


You were on level 2 of the Orcish Mines.
You worshipped Makhleb.
Makhleb was extremely pleased with you.
You were near bloodless.

You visited 3 branches of the dungeon, and saw 18 of its levels.

You collected 1443 gold pieces.
You spent 217 gold pieces at shops.

Inventory:

Hand Weapons
 b - a +3 longbow of flaming
 f - a +4 battleaxe of draining
 h - a +6 dagger of venom
 G - a +0 blowgun
 J - the +7 dagger of Dismemberment (weapon) {pierce, +Rage rC- Dex+4}
   (You found it on level 12 of the Dungeon)

   It inflicts extra damage upon your enemies.
   It affects your dexterity (+4).
   It makes you vulnerable to cold.
   It lets you go berserk.
Missiles
 p - 95 poisoned needles
 y - 3 javelins of penetration (quivered)
 B - 2 throwing nets
Armour
 o - a +2 pair of boots (worn)
 q - a +0 troll leather armour
 P - a +2 robe of magic resistance (worn)
 Z - a +2 hat of spirit shield (worn)
Jewellery
 n - an amulet of guardian spirit (around neck)
 z - a +3 ring of dexterity (right hand)
 H - a ring of protection from magic (left hand)
 I - an uncursed ring of resist corrosion
Wands
 a - a wand of flame (20/48)
 e - a wand of disintegration (4/24)
 m - a wand of iceblast (1/15)
 t - a wand of paralysis (13/24)
 v - a wand of disintegration (17/24)
 x - a wand of confusion (37/48)
 C - a wand of confusion (17/48)
 O - a wand of flame (16/48)
 S - a wand of heal wounds (0/9)
 T - a wand of iceblast (6/15)
 V - a wand of enslavement (11/24)
Scrolls
 i - a scroll of teleportation
 D - 3 scrolls of enchant armour
 L - 2 scrolls of remove curse
 U - 7 scrolls of fear
 X - a scroll of magic mapping
Potions
 d - 22 potions of blood
 g - 3 potions of magic
 j - 8 potions of curing
 l - 2 potions of might
 u - 2 potions of resistance {unknown}
 E - 6 potions of flight
 F - a potion of invisibility {unknown}
 K - 2 potions of agility
 N - a potion of beneficial mutation {unknown}
 R - a potion of ambrosia {unknown}
Books
 c - a book of Maledictions

   Spells                             Type                      Level
   a - Corona                         Hexes                        1
   b - Ensorcelled Hibernation        Hexes/Ice                    2
   c - Confuse                        Hexes                        3
   d - Tukima's Dance                 Hexes                        3
   e - Dazzling Spray                 Conjuration/Hexes            3
Miscellaneous
 W - a phial of floods


   Skills:
 + Level 4.2 Fighting
 + Level 8.5 Short Blades
 + Level 6.5 Dodging
 + Level 18.4 Stealth
   Level 1.0 Shields
 + Level 8.2 Spellcasting
 * Level 4.9 Conjurations
 + Level 12.9 Hexes
 + Level 5.3 Ice Magic
 * Level 6.2 Air Magic
 * Level 6.0 Poison Magic
 * Level 8.4 Invocations
 - Level 1.0 Evocations


You had 17 spell levels left.
You knew the following spells:

 Your Spells              Type           Power        Failure   Level  Hunger
a - Corona                Hex            ######.      1%          1    None
b - Ensorcelled Hibernat  Hex/Ice        #####.       1%          2    None
c - Confuse               Hex            ######..     1%          3    #......
d - Dazzling Spray        Conj/Hex       #####.       1%          3    #......
e - Mephitic Cloud        Conj/Pois/Air  ####....     2%          3    #......


Dungeon Overview and Level Annotations

Branches:
Dungeon (15/15)            Temple (0/1) D:5            Lair (1/6) D:11
    Orc (2/2) D:9             Elf (0/3) Orc:2        Vaults (0/5) D:14
 Depths (0/5) D:15

Altars:
Cheibriados
Fedhas
Gozag
Kikubaaqudgha
Makhleb
Nemelex Xobeh
Okawaru
Sif Muna
Vehumet
Xom
Yredelemnul
The Shining One

Shops:
D:4 ?   D:5 (   D:6 :   D:9 ?   D:14 }

Annotations:
Orc:2 Nergalle


Innate Abilities, Weirdness & Mutations

You heal slowly.
You have razor-sharp teeth.
You have supernaturally acute eyesight. (SInv)
You can survive without breathing.


Message History

The orc warrior hits you from afar with a glaive!!
Nergalle points at the sixfirhy and mumbles some strange words.
Orcish apparitions take form around you.
The spectral orc warlord hits you with a long sword of draining!
* * * LOW HITPOINT WARNING * * *
The spectral orc closely misses you.
The spectral orc warrior hits you but does no damage.
The orc warrior closely misses you.
The orc warrior shouts!
Press: ? - help, Shift-Dir - straight line, f - orc warrior
Aim: an orc warrior, wielding a glaive and wearing a chain mail The sticky flame hits the orc warrior.
The orc warrior is lightly wounded.
The orc warrior is covered in liquid flames!
The orc warrior burns!
The sixfirhy closely misses you.
The orc warrior hits you from afar with a glaive!!
* * * LOW HITPOINT WARNING * * *
The spectral orc warlord hits you but does no damage.
The orc warrior hits you with a trident!!
You die...

....#...#####........
...#.#.#..##...#
......<......[(#
.....#....#..).#
.....#...###..[##
.........#####[.##
#....#....# #.[))# ..
..........# ##)#####..o.
.........## ##.Z@8......
......)...# #.4Zo3o.....
.....()..## ##ZZoo...o..
).).[)...#..............
)#.....(..#......8......
.#((.....###.#.#####....
##...#..#..####. ....
.#..........# # #..
.(...#.##..##


You could see Nergalle, a spectral orc, a spectral orc warrior, 2 spectral orc
warlords, a sixfirhy, an orc sorcerer, 3 orc warriors, an orc wizard and a
friendly orange demon.

Vanquished Creatures
  Gastronok (D:12)
  An orc warlord (Orc:2)
  A juggernaut skeleton (D:15)
  Azrael (D:15)
  Nessos (Orc:2)
  Snorg (D:12)
  Josephine (Orc:1)
  3 vault guards (D:14)
  A hydra (D:15)
  2 centaur warriors
  A queen ant (D:8)
  An orc high priest (Orc:2)
  The ghost of razgard the Reanimator, a novice DDNe of Ashenzari (D:8)
  2 skeletal warriors (D:15)
  6 unseen horrors
  3 necromancers
  6 hill giants
  2 orc knights
  An orc sorcerer (Orc:2)
  8 ugly things
  3 deep elf magi
  A manticore (D:14)
  An oklob plant (D:11)
  5 cyclopes
  A spriggan zombie (D:15)
  Psyche (D:11)
  A centaur zombie (D:15)
  3 centaur skeletons
  A kobold demonologist (D:12)
  A freezing wraith (D:15)
  2 efreet
  A yaktaur (D:14)
  3 tengu conjurers
  3 trolls
  3 hornets
  Grinder (D:4)
  A hippogriff (shapeshifter) (D:14)
  5 meliai
  A two-headed ogre (D:13)
  A deep troll zombie (D:15)
  2 hippogriffs
  A deep troll skeleton (D:15)
  Sigmund (D:2)
  6 wraiths
  2 wyverns (D:15)
  18 yaks
  4 fire elementals (D:15)
  18 humans (D:14)
  7 vampire mosquitoes
  Edmund (D:5)
  2 mottled dragons (D:15)
  2 hungry ghosts
  2 wargs
  A hell hound (D:15)
  4 soldier ants (D:8)
  2 ice beasts
  17 orc warriors
  A sky beast (D:14)
  3 black bears
  5 phantoms
  9 ogres
  3 necrophages
  11 centaurs
  11 bullfrogs
  Blork the orc (D:5)
  3 scorpions
  10 killer bees
  3 howler monkeys
  19 wights
  4 crimson imps
  A quasit (D:11)
  5 hounds
  2 bullfrog zombies (D:11)
  17 orc priests
  16 orc wizards
  A bullfrog skeleton (D:13)
  5 jellies
  5 iguanas
  Ijyb (D:2)
  Natasha (thrice) (D:2)
  26 worker ants
  A hound skeleton (D:5)
  2 gnolls (D:3)
  12 adders
  A shadow imp (D:12)
  3 oozes
  2 adder skeletons
  A worm (D:3)
  A dart slug (D:1)
  6 leopard geckos
  63 orcs
  10 bats
  7 giant cockroaches
  9 goblins
  13 hobgoblins
  15 jackals
  4 quokkas
  2 ball pythons
  4 frilled lizards
  7 kobolds
  A leopard gecko skeleton (D:4)
  5 rats
  A plant (D:11)
508 creatures vanquished.

Vanquished Creatures (collateral kills)
  Donald (Orc:2)
  A centaur warrior (D:15)
  A wizard (D:14)
  A phantasmal warrior (D:15)
  An orc warrior (Orc:2)
  A gnoll sergeant (Orc:2)
  A killer bee (D:10)
  An orc priest (Orc:2)
  An orc wizard (Orc:2)
  An orc (Orc:2)
10 creatures vanquished.

Vanquished Creatures (others)
  A gnoll (D:3)
  3 withered plants (D:15)
4 creatures vanquished.

Grand Total: 522 creatures vanquished

Notes
Turn   | Place    | Note
-------+----------+-------------------------------------------
     0 | D:1      | suicidejoker the Vampire Enchanter began the quest for the Orb.
     0 | D:1      | Reached XP level 1. HP: 13/13 MP: 3/3
   473 | D:1      | Reached XP level 2. HP: 19/19 MP: 5/5
   499 | D:1      | Reached skill level 5 in Stealth
   637 | D:1      | Learned a level 2 spell: Ensorcelled Hibernation
  1291 | D:2      | Noticed Sigmund
  1298 | D:2      | Killed Sigmund
  1298 | D:2      | Reached skill level 7 in Stealth
  1298 | D:2      | Reached skill level 5 in Hexes
  1298 | D:2      | Reached XP level 3. HP: 16/25 MP: 1/6
  1298 | D:2      | Reached XP level 4. HP: 20/31 MP: 1/7
  1298 | D:2      | Reached XP level 5. HP: 23/36 MP: 1/8
  1306 | D:2      | Learned a level 3 spell: Confuse
  1734 | D:2      | Found a burning altar of Makhleb.
  1869 | D:2      | Noticed Natasha
  1878 | D:2      | Killed Natasha
  2164 | D:2      | Noticed Ijyb
  2169 | D:2      | Killed Ijyb
  2244 | D:2      | Noticed Natasha
  2250 | D:2      | Killed Natasha
  2250 | D:2      | Reached XP level 6. HP: 42/42 MP: 9/9
  2289 | D:2      | Noticed Natasha
  2298 | D:2      | Killed Natasha
  2298 | D:2      | Reached skill level 8 in Stealth
  2357 | D:2      | Became a worshipper of Makhleb the Destroyer
  3941 | D:4      | Reached XP level 7. HP: 47/47 MP: 10/10
  3946 | D:4      | Learned a level 3 spell: Dazzling Spray
  3973 | D:4      | Reached * piety under Makhleb
  3973 | D:4      | Reached skill level 1 in Ice Magic
  4043 | D:4      | Reached skill level 9 in Stealth
  4207 | D:4      | Reached skill level 1 in Shields
  4231 | D:4      | Found Lempises's Magic Scroll Shop.
  4248 | D:4      | Bought a scroll of enchant weapon for 105 gold pieces
  4542 | D:4      | Reached skill level 10 in Stealth
  4592 | D:4      | Noticed Grinder
  4599 | D:4      | Killed Grinder
  4599 | D:4      | Reached XP level 8. HP: 53/53 MP: 10/12
  4848 | D:5      | Entered Level 5 of the Dungeon
  4907 | D:5      | Noticed Edmund
  4920 | D:5      | Killed Edmund
  4920 | D:5      | Reached skill level 11 in Stealth
  5277 | D:5      | Reached ** piety under Makhleb
  5277 | D:5      | Reached skill level 1 in Fighting
  5679 | D:5      | Reached skill level 12 in Stealth
  5780 | D:5      | Found a glowing golden altar of the Shining One.
  5863 | D:5      | Found Kuykewky's Weapon Emporium.
  5870 | D:5      | Found a staircase to the Ecumenical Temple.
  5870 | D:5      | Noticed Blork the orc
  5878 | D:5      | Killed Blork the orc
  6125 | D:6      | Found Omiam's Book Boutique.
  6701 | D:6      | Found an iron altar of Okawaru.
  6952 | D:6      | Reached XP level 9. HP: 59/59 MP: 10/13
  7034 | D:7      | Reached skill level 1 in Invocations
  7130 | D:7      | Got an ichor-stained scale mail
  7141 | D:7      | Identified the cursed +1 scale mail of Refuge {Dex+4} (You found it on level 7 of the Dungeon)
  7509 | D:8      | Noticed a queen ant
  7523 | D:8      | Reached skill level 13 in Stealth
  7529 | D:8      | Found a deep blue altar of Sif Muna.
  7533 | D:8      | Reached skill level 5 in Short Blades
  7542 | D:8      | Found an ancient bone altar of Kikubaaqudgha.
  7542 | D:8      | Found a sparkling altar of Nemelex Xobeh.
  7542 | D:8      | Found an opulent altar of Gozag.
  7558 | D:8      | Killed a queen ant
  7724 | D:8      | Found a radiant altar of Vehumet.
  7750 | D:8      | Reached *** piety under Makhleb
  8043 | D:8      | Reached skill level 14 in Stealth
  8377 | D:8      | Reached XP level 10. HP: 67/67 MP: 11/16
  8407 | D:8      | Noticed razgard's ghost (novice DDNe)
  8513 | D:8      | Found a basalt altar of Yredelemnul.
  8575 | D:8      | Found a snail-covered altar of Cheibriados.
  8876 | D:8      | Killed razgard's ghost
  8901 | D:9      | Found a staircase to the Orcish Mines.
  8901 | D:9      | Found a shimmering altar of Xom.
  9134 | D:9      | Reached skill level 10 in Hexes
  9147 | D:9      | Reached skill level 1 in Evocations
  9237 | D:9      | Found Xudeowis's Magic Scroll Boutique.
  9312 | D:9      | Bought a scroll of enchant weapon for 112 gold pieces
  9479 | D:9      | Reached skill level 15 in Stealth
 10002 | D:9      | Reached **** piety under Makhleb
 10275 | D:10     | Entered Level 10 of the Dungeon
 10451 | D:10     | Reached skill level 5 in Invocations
 10575 | D:10     | Reached skill level 5 in Spellcasting
 10730 | D:10     | Reached XP level 11. HP: 38/73 MP: 9/18
 11182 | D:10     | Noticed a hill giant
 11189 | D:10     | Killed a hill giant
 11189 | D:10     | Reached skill level 5 in Dodging
 11317 | D:11     | Noticed a cyan ugly thing
 11321 | D:11     | Killed a cyan ugly thing
 11415 | D:11     | Noticed Psyche
 11421 | D:11     | Killed Psyche
 11746 | D:11     | Found a staircase to the Lair.
 11746 | D:11     | Noticed an oklob plant
 11765 | D:11     | Killed an oklob plant
 11889 | D:11     | Noticed a hill giant
 11897 | D:11     | Killed a hill giant
 11897 | D:11     | Reached skill level 16 in Stealth
 12768 | D:12     | Noticed a hill giant
 12783 | D:12     | Killed a hill giant
 12880 | D:12     | Got an ebony dagger
 12881 | D:12     | Identified the +7 dagger of Dismemberment {pierce, +Rage rC- Dex+4} (You found it on level 12 of the Dungeon)
 12934 | D:12     | Learned a level 3 spell: Mephitic Cloud
 13005 | D:12     | Noticed Gastronok
 13028 | D:12     | Killed Gastronok
 13028 | D:12     | Reached skill level 1 in Air Magic
 13028 | D:12     | Reached skill level 1 in Poison Magic
 13028 | D:12     | Reached XP level 12. HP: 81/81 MP: 6/21
 13301 | D:12     | Noticed Snorg
 13312 | D:12     | Killed Snorg
 13312 | D:12     | Reached skill level 1 in Conjurations
 13853 | D:12     | Reached ***** piety under Makhleb
 14088 | D:12     | Reached skill level 17 in Stealth
 14138 | Lair:1   | Entered Level 1 of the Lair of Beasts
 14427 | D:13     | Noticed a centaur warrior
 15308 | D:13     | HP: 4/81 [white ugly thing (13)]
 16329 | D:13     | Killed a centaur warrior
 17029 | D:14     | Reached XP level 13. HP: 78/87 MP: 2/24
 17067 | D:14     | Found Humoplor's Gadget Shoppe.
 17448 | D:14     | Found an opulent altar of Gozag.
 17590 | D:15     | Entered Level 15 of the Dungeon
 18939 | D:14     | Found a gate to the Vaults.
 19427 | D:15     | Found a deep blue altar of Sif Muna.
 19467 | D:15     | Found a blossoming altar of Fedhas.
 19469 | D:15     | Reached skill level 5 in Ice Magic
 19520 | D:15     | Found a staircase to the Depths.
 19945 | D:15     | Reached skill level 5 in Poison Magic
 20110 | D:15     | Reached skill level 5 in Air Magic
 20423 | D:15     | Reached skill level 18 in Stealth
 21052 | D:15     | Noticed Azrael
 21315 | D:15     | Reached XP level 14. HP: 95/95 MP: 25/25
 21317 | D:15     | Killed Azrael
 21966 | Orc:1    | Entered Level 1 of the Orcish Mines
 21966 | Orc:1    | Noticed Josephine
 22060 | Orc:1    | Killed Josephine
 22642 | Orc:2    | Entered Level 2 of the Orcish Mines
 22643 | Orc:2    | Found a staircase to the Elven Halls.
 22675 | Orc:2    | Noticed Nessos
 22698 | Orc:2    | Killed Nessos
 23033 | Orc:2    | Noticed Donald
 23045 | Orc:2    | Killed Donald
 23235 | Orc:2    | Noticed an orc warlord
 24166 | Orc:2    | Killed an orc warlord
 24174 | Orc:2    | Noticed Nergalle
 24192 | Orc:2    | HP: 2/95 [orc warrior/glaive[an orc warlord] (19)]
 24192 | Orc:2    | Annihilated by an orc warrior

Vault maps used:
D:1:      dpeg_arrival_water_altar, roderic_roman_lattice, st_stairs_13
D:2:      lightli_temple_of_fire, first_bread, uniq_iyjb, uniq_natasha,
          uniq_sigmund
D:4:      kennysheep_small_square, uniq_grinder
D:5:      nicolae_overflow_crystal_walls, serial_shops, shop_statue,
          minmay_misc_feat_secret_circle, minmay_stone_trees_small,
          uniq_blork_the_orc, uniq_edmund
D:6:      kennysheep_mini, serial_shops, shop
D:8:      vehumet_altar_wand_db, chequers_temple_overflow_statue_of_worship,
          marbit_many_paths, lemuel_crystal_altar, serial_corexii_hall,
          corexii_hall_statues_deadend, corexii_hall_statues_deadend,
          hangedman_pestilent_swarm, minmay_another_anthill
D:9:      corexii_shack_village, orc_0_dummy, serial_shops, shop,
          grunt_decor_resistance, xom_teletrap_fun
D:10:     eino_jars
D:11:     dpeg_oklobed_lair, kennysheep_generic_room_11, uniq_psyche
D:12:     uniq_snorg, uniq_gastronok
D:14:     grunt_vaults_entry_tiered, serial_park_tiny_2, serial_shops,
          nicolae_shop_stone, grunt_gozag_breadcrumbs
D:15:     gammafunk_depths_entry_grave, fedhas_altar_fruit_tree,
          lemuel_statue_altar, uniq_azrael
Orc:1:    basic_altar, uniq_josephine
Orc:2:    grunt_orc_cross, uniq_nessos, uniq_donald

Skill      XL: |  1  2  3  4  5  6  7  8  9 10 11 12 13 14 |
---------------+-------------------------------------------+-----
Stealth        | 7 8 10 12 14 15 16 17 18 | 18.4
Short Blades   | 2 3 4 5 6 7 8 |  8.5
Dodging        | 3 4 5 6 |  6.5
Hexes          | 5 6 7 8 9 10 11 12 | 12.9
Ice Magic      | 1 2 3 4 5 |  5.3
Shields        | 1 |  1.0
Fighting       | 1 2 3 4 |  4.2
Spellcasting   | 3 4 5 6 7 8 |  8.2
Invocations    | 3 5 6 7 8 |  8.4
Evocations     | 1 |  1.0
Air Magic      | 1 3 5 6 |  6.2
Poison Magic   | 1 3 5 6 |  6.0
Conjurations   | 2 4 |  4.9

Action                   |  1- 3 |  4- 6 |  7- 9 | 10-12 | 13-15 || total
-------------------------+-------+-------+-------+-------+-------++-------
Melee: Dagger            |    61 |   117 |   311 |   674 |   485 ||  1648
       Bite              |     1 |     4 |    24 |    77 |    62 ||   168
Throw: Stone             |       |       |     1 |     1 |       ||     2
       Javelin           |       |       |       |       |     1 ||     1
 Cast: Ensorcelled Hiber |     2 |     3 |    36 |    54 |    78 ||   173
       Confuse           |       |       |    10 |    97 |    39 ||   146
Invok: Lesser Servant of |       |       |       |     2 |    20 ||    22
       Major Destruction |       |       |       |       |     2 ||     2
 Abil: End Transformatio |       |       |       |     2 |       ||     2
       Bat Form          |       |       |       |     2 |       ||     2
       Evoke Berserk Rag |       |       |       |       |     1 ||     1
Evoke: Wand              |       |       |       |    15 |    10 ||    25
  Use: Scroll            |     1 |    12 |    10 |    11 |     9 ||    43
       Potion            |       |     1 |     4 |     7 |    13 ||    25
 Stab: Sleeping          |    12 |    14 |    39 |    68 |    63 ||   196
       Confused          |       |       |     8 |    49 |    25 ||    82
       Distracted        |       |       |     4 |     5 |     7 ||    16
Armor: Robe              |    27 |    31 |    85 |   122 |    78 ||   343
Dodge: Dodged            |    77 |    49 |   170 |   340 |   280 ||   916
Block: Shield            |       |    33 |       |       |       ||    33
